 Dungeon Crawl Stone Soup version 0.28-a0-883-gc8d7bad45d (webtiles) character file.

Game seed: 14986104919862452243

13897 Anon1729 the Martial Artist (level 11, -10/81 HPs)
             Began as a Pale Draconian Transmuter on Nov 21, 2021.
             Was a High Priest of Wu Jian.
             Mangled by Rupert (21 damage)
             ... on level 12 of the Dungeon.
             The game lasted 00:31:58 (14463 turns).

Anon1729 the Martial Artist (DrTm)                 Turns: 14463, Time: 00:31:58

Health: -10/81     AC: 10    Str: 18    XL:     11   Next: 81%
Magic:  12/16      EV: 16    Int: 17    God:    Wu Jian [*****.]
Gold:   741        SH:  5    Dex: 18    Spells: 5/16 levels left

rFire   . . .      SeeInvis .     - Unarmed
rCold   . . .      Faith    .   (shield currently unavailable)
rNeg    . . .      Spirit   .   (armour unavailable)
rPois   .          Reflect  +   R - +1 hat
rElec   .          Harm     .   M - +1 cloak
rCorr   .          Rampage  .   (gloves currently unavailable)
Will    .....                   (no boots)
Stlth   ++........              n - amulet of reflection
HPRegen 0.23/turn               c - +6 ring of strength
MPRegen 0.15/turn               w - +6 ring of dexterity

@: exhausted, blade hands, invisible
A: breathe steam, AC +7, unfitting armour, cold-blooded, steam resistance
a: Breathe Steam, End Transformation, Renounce Religion, Wall Jump, Serpent's
Lash, Heavenly Storm


You were on level 12 of the Dungeon.
You worshipped Wu Jian.
Wu Jian was extremely pleased with you.
You had blades for hands.
You visited 1 branch of the dungeon, and saw 12 of its levels.
You also visited: Sewer, Ossuary and Bailey.

You collected 741 gold pieces.

Inventory:

Hand Weapons
 k - a +3 quarterstaff of chaos
Missiles
 E - 74 boomerangs
Armour
 j - a +0 cloak
 H - a +0 pair of gloves (melded)
 M - a +1 cloak (worn)
 R - a +1 hat (worn)
Magical Staves
 b - a staff of earth
Jewellery
 c - a +6 ring of strength (left blade hand)
 n - an amulet of reflection (around neck)
 r - a ring of positive energy
 w - a +6 ring of dexterity (right blade hand)
 C - a ring of flight
 N - an amulet of faith
Wands
 q - a wand of digging (6)
 F - a wand of iceblast (4)
 L - a wand of polymorph (5)
 P - a wand of flame (17)
 Q - a wand of acid (4)
Scrolls
 a - 3 scrolls of amnesia
 h - 6 scrolls of fog
 m - a scroll of enchant weapon {unknown}
 o - 3 scrolls of vulnerability
 t - 5 scrolls of teleportation
 u - a scroll of magic mapping
 y - 4 scrolls of noise
 B - a scroll of immolation
 D - a scroll of silence {unknown}
 G - a scroll of acquirement {unknown}
 J - 2 scrolls of holy word {unknown}
 K - 2 scrolls of enchant armour {unknown}
 O - 2 scrolls of identify
Potions
 d - 5 potions of curing
 e - 4 potions of attraction {unknown}
 g - a potion of brilliance {unknown}
 i - a potion of degeneration {unknown}
 l - 5 potions of heal wounds
 p - a potion of haste {unknown}
 s - 3 potions of magic {unknown}
 v - 3 potions of berserk rage {unknown}
 x - 4 potions of lignification {unknown}
 z - 3 potions of flight
 A - 2 potions of might {unknown}
 I - a potion of cancellation {unknown}


   Skills:
 + Level 2.7 Fighting
 + Level 7.1 Dodging
 * Level 11.3 Unarmed Combat
 + Level 3.4 Spellcasting
 * Level 11.1 Transmutations
 + Level 3.7 Air Magic
 - Level 7.9 Invocations


You had 5 spell levels left.
You knew the following spells:

 Your Spells              Type           Power      Damage    Failure   Level
a - Beastly Appendage     Tmut           80%        N/A       9%          1
b - Wereblood             Tmut           40%        N/A       10%         2
c - Spider Form           Tmut/Pois      21%        N/A       34%         3
d - Blade Hands           Tmut           20%        N/A       32%         5

Your spell library contained the following spells:

 Spells                   Type           Power      Damage    Failure   Level
 Shock                    Conj/Air       36%        1d5       41%         1
 Ice Form                 Ice/Tmut       21%        N/A       58%         4
 Irradiate                Conj/Tmut      10%        3d16      83%         5
 Summon Lightning Spire   Summ/Air       9%         N/A       91%         4
 Dragon Form              Tmut           20%        N/A       98%         7


Dungeon Overview and Level Annotations

Branches:
Dungeon (12/15)            Temple (0/1) D:6            Lair (0/6) D:8
    Orc (0/2) D:11          Sewer (visited)         Ossuary (visited)
 Bailey (visited)

Altars:
Cheibriados
Dithmenos
Fedhas
Hepliaklqana
Makhleb
Nemelex Xobeh
Okawaru
Sif Muna
Trog
Wu Jian
Zin
The Shining One
Beogh

Shops:
D:1 =   D:2 ?

Annotations:
D:3 Grinder
D:4 2 runed translucent doors, Stil's ghost, amateur KoAM
D:12 exclusion: hydra, Rupert


Innate Abilities, Weirdness & Mutations

You have blades for hands.
Your spellcasting is less reliable in this form.
You are incapable of wielding weapons or throwing items.
You can breathe blasts of scalding, opaque steam.
Your pale cyan-grey scales are hard. (AC +7)
You cannot fit into any form of body armour.
You are cold-blooded and may be slowed by cold attacks.
You are immune to the effects of steam.


Message History

You spin and attack Rupert, with incredible momentum.
You slash Rupert!
Rupert is severely wounded.
Your supernatural speed expires.
Okay, then.
Unknown command.
Okay, then.
Unknown command.
Unknown command.
Aiming: Polymorph
Press: ? - help, Shift-Dir - straight line, f/p - Rupert
Aim: Rupert, wielding a +4 great sword of protection and wearing a +1 ring mail of willpower (steam, severely wounded, berserk, covered in acid, will become an iron troll, an iron giant, or a fire giant, chance to affect: 0%)
Okay, then.
Unknown command.
Okay, then.
Okay, then.
Unknown command.
Okay, then.
Okay, then.
You fade into invisibility!
Rupert is engulfed in a cloud of scalding steam.
Rupert hits you but does no damage.
Press: ? - help, v - describe, . - travel
Here: Rupert, wielding a +4 great sword of protection and wearing a +1 ring mail of willpower (severely wounded, berserk, covered in acid)
The floor, spattered with blood.
Unknown command.
Rupert closely misses you.
You shred Rupert!!! You tail-slap Rupert.
Rupert is almost dead.
You have got your breath back.
Rupert closely misses you.
You hit Rupert.
Rupert is almost dead.
Rupert is no longer covered in acid.
Rupert hits you with a +4 great sword of protection!
* * * LOW HITPOINT WARNING * * *
You hit Rupert. You tail-slap Rupert, but do no damage.
Rupert is almost dead.
Rupert hits you with a +4 great sword of protection!!
You die...

### ### ### #.####.#
#<# #....).# #.#
#.####.###.#
##########.# #.....#
...........##########
#####.@.......... #
#@#########..
######.########°....#..
..................O....
###.#.......#######...#
....#######'## ..#
####### #...######....
......# #......).... #
#####.# #..[........


You could see Rupert (berserk).

Vanquished Creatures
  A hydra (D:11)
  A two-headed ogre (D:9)
  2 death yaks (D:7)
  Urug (D:12)
  An ugly thing (D:12)
  2 orc knights (Bailey)
  A cyclops (D:11)
  Maurice (D:8)
  An unseen horror (D:11)
  A troll (D:9)
  A vampire (D:10)
  A wyvern (D:9)
  3 wraiths
  15 yaks
  Grum (D:8)
  3 vampire mosquitoes (D:7)
  A water moccasin (D:7)
  An acid dragon (D:11)
  An ice beast (D:6)
  4 orc warriors
  A sky beast (shapeshifter) (D:10)
  3 black bears
  2 wolves
  2 ogres (D:5)
  7 centaurs
  2 kobold brigands
  2 phantoms
  3 elf zombies (Ossuary)
  A bullfrog (D:9)
  A gnoll sergeant (D:10)
  6 scorpions
  A water moccasin skeleton (D:5)
  3 wights (D:8)
  10 killer bees
  5 howler monkeys
  A bullfrog zombie (D:6)
  5 centaur zombies
  2 human zombies (Ossuary)
  Crazy Yiuf (D:2)
  2 hounds (D:6)
  A jelly (D:6)
  5 orc priests
  A bullfrog skeleton (D:7)
  3 centaur skeletons
  3 iguanas
  3 orc wizards
  3 mummies (Ossuary)
  A howler monkey zombie (D:8)
  6 gnolls
  8 adders
  3 river rats
  2 shadow imps
  A white imp (D:7)
  An ufetubus (D:7)
  4 adder zombies (Ossuary)
  2 worms
  4 dart slugs
  28 orcs
  8 ball pythons
  7 endoplasms
  7 giant cockroaches
  2 gnoll zombies (Ossuary)
  11 goblins
  9 hobgoblins
  12 jackals
  28 kobolds
  4 quokkas
  15 bats
  A frilled lizard (D:1)
  6 goblin zombies (Ossuary)
  2 hobgoblin zombies (Ossuary)
  3 jackal zombies (Ossuary)
  A kobold zombie (Ossuary)
  2 orc zombies (Ossuary)
  5 quokka zombies (Ossuary)
  6 rats
  4 rat zombies (Ossuary)
315 creatures vanquished.

Vanquished Creatures (others)
  A kobold (D:9)
  10 fungi
  3 toadstools (D:4)
14 creatures vanquished.

Grand Total: 329 creatures vanquished

Notes
Turn   | Place    | Note
-------+----------+-------------------------------------------
     0 | D:1      | Anon1729 the Draconian Transmuter began the quest for the
                  | Orb.
     0 | D:1      | Reached XP level 1. HP: 16/16 MP: 3/3
    53 | D:1      | Reached XP level 2. HP: 9/23 MP: 3/5
   350 | D:1      | Found Taonehas's One-of-a-Kind Rings.
   670 | D:1      | Found a faded altar of an unknown god.
   679 | D:1      | Prayed at the altar of an unknown god.
   679 | D:1      | Became a worshipper of the Wu Jian Council
   679 | D:1      | Reached * piety under Wu Jian
   950 | D:1      | Reached XP level 3. HP: 28/28 MP: 4/6
  1306 | D:2      | Reached skill level 1 in Invocations
  1386 | D:2      | Found Wynen's Magic Scroll Boutique.
  1535 | D:2      | Reached XP level 4. HP: 31/36 MP: 7/7
  1726 | D:2      | Found a runed translucent door.
  1727 | D:2      | Noticed Crazy Yiuf
  1832 | D:2      | Learned a level 2 spell: Wereblood
  1836 | D:2      | Learned a level 3 spell: Spider Form
  1885 | D:2      | Killed Crazy Yiuf
  2214 | D:3      | Reached ** piety under Wu Jian
  2249 | D:3      | Reached XP level 5. HP: 41/41 MP: 6/8
  2336 | D:3      | Found an ornate altar of the Wu Jian Council.
  2633 | D:3      | Found a blossoming altar of Fedhas.
  2835 | D:4      | Noticed a black bear
  2844 | D:4      | Killed a black bear
  2983 | D:4      | Found a glowing golden altar of the Shining One.
  3185 | D:4      | Noticed a yak
  3187 | D:4      | Found a runed translucent door.
  3187 | D:4      | Noticed a yak
  3187 | D:4      | Noticed a yak
  3188 | D:4      | Noticed a yak
  3189 | D:4      | Noticed a yak
  3189 | D:4      | Noticed a yak
  3190 | D:4      | Reached XP level 6. HP: 46/48 MP: 9/9
  3191 | D:4      | Noticed Stil's ghost (amateur KoAM)
  3224 | D:4      | Killed a yak
  3265 | D:4      | Noticed Grinder
  3396 | D:3      | Reached skill level 5 in Unarmed Combat
  3982 | D:3      | Killed a yak
  3983 | D:3      | Your scales start taking on a pale cyan-grey colour.
  3983 | D:3      | Reached XP level 7. HP: 55/55 MP: 7/10
  3983 | D:3      | Gained mutation: You are immune to the effects of steam.
                  | [Pale Draconian growth]
  4008 | D:4      | Killed a yak
  4009 | D:4      | Reached skill level 5 in Transmutations
  4025 | D:4      | Killed a yak
  4036 | D:4      | Killed a yak
  4037 | D:4      | Reached XP level 8. HP: 19/61 MP: 8/11
  4319 | D:4      | Found a glowing silver altar of Zin.
  4319 | D:4      | Noticed an angel
  4408 | D:4      | Found a runed translucent door.
  4469 | D:5      | Entered Level 5 of the Dungeon
  4826 | D:5      | Reached *** piety under Wu Jian
  4841 | D:5      | Found a sparkling altar of Nemelex Xobeh.
  4880 | D:5      | Found a glowing drain.
  4895 | Sewer    | Entered a sewer
  5014 | Sewer    | Found a glowing silver altar of Zin.
  5563 | D:6      | Found a hazy altar of Hepliaklqana.
  5681 | D:6      | Reached XP level 9. HP: 67/67 MP: 10/12
  5715 | D:6      | Reached skill level 5 in Invocations
  5728 | D:6      | Found a shadowy altar of Dithmenos.
  5731 | D:6      | Found a bloodstained altar of Trog.
  5735 | D:6      | Found an iron altar of Okawaru.
  5866 | D:6      | Found a staircase to the Ecumenical Temple.
  6594 | D:7      | Found a sand-covered staircase.
  6598 | Ossuary  | Entered an ossuary
  6655 | Ossuary  | Reached **** piety under Wu Jian
  6748 | Ossuary  | Reached skill level 5 in Dodging
  6912 | D:7      | Found a flagged portal.
  6938 | Bailey   | Entered a bailey
  6989 | Bailey   | Noticed an orc knight
  7263 | Bailey   | Reached ***** piety under Wu Jian
  7320 | Bailey   | Noticed an orc knight
  7435 | Bailey   | Killed an orc knight
  7522 | Bailey   | Killed an orc knight
  7523 | Bailey   | Reached XP level 10. HP: 29/73 MP: 14/14
  7869 | D:7      | Found a shimmering blue altar of Sif Muna.
  8336 | D:7      | Found a snail-covered altar of Cheibriados.
  8704 | D:8      | Noticed Maurice
  8705 | D:8      | Noticed a death yak
  8713 | D:8      | Killed Maurice
  8713 | D:8      | Noticed a death yak
  8741 | D:7      | Killed a death yak
  8977 | D:8      | Noticed a death yak
  9032 | D:7      | Killed a death yak
  9341 | D:8      | Found a staircase to the Lair.
  9496 | D:8      | Noticed Grum
  9611 | D:8      | Reached skill level 10 in Unarmed Combat
  9616 | D:8      | Killed Grum
 10046 | D:9      | Found a burning altar of Makhleb.
 10374 | D:9      | Reached skill level 1 in Air Magic
 10374 | D:9      | Noticed a two-headed ogre
 10382 | D:9      | Reached skill level 10 in Transmutations
 10392 | D:9      | Killed a two-headed ogre
 10393 | D:9      | Reached XP level 11. HP: 59/79 MP: 11/16
 11109 | D:9      | Learned a level 5 spell: Blade Hands
 11113 | D:10     | Entered Level 10 of the Dungeon
 12791 | D:11     | Found a staircase to the Orcish Mines.
 13227 | D:11     | Noticed a seven-headed hydra
 13249 | D:11     | Killed a seven-headed hydra
 13593 | D:11     | Got Enoem's Reference Book on Supportive Feathers
 13891 | D:12     | Noticed Rupert
 13891 | D:12     | Noticed a two-headed ogre
 13921 | D:12     | Noticed Urug
 13930 | D:12     | Killed Urug
 14140 | D:12     | Noticed an eight-headed hydra
 14181 | D:12     | Noticed a green ugly thing
 14188 | D:12     | Killed a green ugly thing
 14463 | D:12     | Mangled by Rupert

Illustrated notes

Levels and vault maps discovered:
D:1:      wander_arrival_chamber, layout_rooms,
          shapermc_ecumenical_altar_notcrosses, dk_noncrumbling_4,
          minmay_misc_feat_iff, chequers_serial_rivers_micro_e,
          nicolae_shop_unique_rings, minmay_heptomino_w4
D:2:      layout_rooms, serial_shops, nicolae_shop_statue_plus,
          uniq_crazy_yiuf_cottage
D:3:      layout_basic, mainiacjoe_overflow_small_starburst,
          mainiacjoe_overflow_alcove_4
D:4:      layout_rooms, zin_angel, mainiacjoe_overflow_boulevard,
          ebering_ghost_sewer_f, serial_corexii_hall, corexii_hall_statues_l,
          chequers_hall_statues_wall_a, minmay_gold_behind_fungi, uniq_grinder
D:5:      layout_basic, mainiacjoe_overflow_paths, cheibrodos_sewer_entry_sluice
D:6:      layout_basic, mainiacjoe_overflow_concentric_impassable,
          grunt_temple_overflow_diamond, minmay_temple_entry_statues_fountains
D:7:      layout_cave_pools, old_standard_altar, kennysheep_slug_shrine,
          nicolae_ossuary_entry_false_entrances, enter_bailey_5,
          kennysheep_generic_room_13
D:8:      layout_basic, dpeg_lair_monsters, uniq_grum, uniq_maurice
D:9:      old_forge, layout_cave_pods, mainiacjoe_overflow_catwalk
D:10:     layout_big_octagon, lemuel_flamethrower_2
D:11:     layout_long_grid, minmay_orc_entry_temple_small, grunt_ministairs_5
D:12:     layout_basic, uniq_urug, uniq_rupert, uniq_erolcha

Skill      XL: |  1  2  3  4  5  6  7  8  9 10 11 |
---------------+----------------------------------+-----
Dodging        | 2 3 4 5 6 7 |  7.1
Invocations    | 1 2 3 4 6 7 |  7.9
Fighting       | 2 |  2.7
Transmutations | 3 4 5 7 8 10 11 | 11.1
Unarmed Combat | 4 5 6 7 9 10 11 | 11.3
Air Magic      | 1 3 |  3.7
Spellcasting   | 3 |  3.4

Action                   |  1- 3 |  4- 6 |  7- 9 | 10-12 || total
-------------------------+-------+-------+-------+-------++-------
Melee: Unarmed           |   102 |   103 |   324 |   329 ||   858
       Kick              |    13 |    16 |    54 |    26 ||   109
       Headbutt          |     7 |    11 |    33 |    22 ||    73
       Tailslap          |     6 |     7 |    33 |    37 ||    83
       Punch             |       |       |     6 |    12 ||    18
 Cast: Beastly Appendage |    24 |    20 |    22 |    20 ||    86
       Spider Form       |       |     6 |     8 |    17 ||    31
       Wereblood         |       |       |     6 |     3 ||     9
       Blade Hands       |       |       |       |     8 ||     8
Invok: Lunge             |     9 |     9 |    29 |    23 ||    70
       Whirlwind         |     1 |     5 |    54 |    35 ||    95
       Serpent's Lash    |       |       |       |     2 ||     2
 Abil: End Transformatio |       |     1 |     2 |       ||     3
       Breathe Steam     |       |       |    23 |    14 ||    37
       Wall Jump         |       |       |       |     1 ||     1
Evoke: Wand              |       |       |       |     6 ||     6
  Use: Scroll            |       |       |     8 |     1 ||     9
       Potion            |       |       |       |     2 ||     2
 Stab: Sleeping          |     2 |       |     3 |     2 ||     7
       Distracted        |       |       |       |     1 ||     1
Armor: Skin              |    32 |    17 |    67 |    70 ||   186
Dodge: Dodged            |    61 |    46 |   200 |   254 ||   561
Block: Other             |       |     9 |    50 |    83 ||   142
       Reflection        |       |     1 |     5 |     5 ||    11

Table legend: (Time is in decaauts)
 A = Elapsed time spent in this place.
 B = Non-inter-level travel time spent in this place.
 C = Inter-level travel time spent in this place.
 D = Time resting spent in this place.
 E = Time spent auto-exploring this place.
 F = Levels seen in this place.
 G = Mean time per level.
                   A        B        C        D        E       F      G
               +--------+--------+--------+--------+--------+-----+--------+
         Total |  14411 |  13942 |    469 |   1680 |   9321 |  15 |  960.7 |
       Dungeon |  13081 |  12612 |    469 |   1416 |   9000 |  12 | 1090.1 |
         Sewer |    182 |    182 |      0 |      0 |    128 |   1 |  182.0 |
       Ossuary |    273 |    273 |      0 |      0 |      0 |   1 |  273.0 |
        Bailey |    873 |    873 |      0 |    264 |    192 |   1 |  873.0 |
               +--------+--------+--------+--------+--------+-----+--------+

Top non-repeatable levels by time:
    D:11: 1510 daAuts
     D:9: 1485 daAuts
     D:3: 1433 daAuts
     D:7: 1362 daAuts
     D:1: 1225 daAuts
    D:10: 1025 daAuts
     D:4: 1012 daAuts
     D:6: 980 daAuts
     D:5: 914 daAuts
     D:8: 899 daAuts
  Bailey: 873 daAuts
     D:2: 790 daAuts
    D:12: 442 daAuts
 Ossuary: 273 daAuts
   Sewer: 182 daAuts
